 Dungeon Crawl Stone Soup version 0.26-a0-21-gf97e55dc39 (webtiles) character file.

Game seed: 4493068941311067487, levelgen mode: deterministic

41 gruber the Charmwright (level 3, -2/31 HPs)
             Began as a Gnoll Skald on May 26, 2020.
             Slain by Sigmund
             ... wielding a +0 scythe
              (4 damage)
             ... on level 2 of the Dungeon.
             The game lasted 00:01:07 (1376 turns).

gruber the Charmwright (Gnoll Skald)                Turns: 1376, Time: 00:01:08

Health: -2/31      AC:  3    Str: 13    XL:     3   Next: 52%
Magic:  2/9        EV: 14    Int: 16    God:
Gold:   53         SH:  0    Dex: 14    Spells: 4/12 levels left

rFire    . . .     SeeInvis .   a - +0 falchion
rCold    . . .     Gourm    .   (no shield)
rNeg     . . .     Faith    .   b - +0 leather armour
rPois    .         Spirit   .   (no helmet)
rElec    .         Reflect  .   (no cloak)
rCorr    .         Harm     .   (no gloves)
MR       .....                  (no boots)
Stlth    +.........             (no amulet)
HPRegen  0.10/turn              (no ring)
MPRegen  0.11/turn              (no ring)

@: infused
A: distributed training, fangs 1, strong nose
a: no special abilities


You were on level 2 of the Dungeon.
You were hungry.

You visited 1 branch of the dungeon, and saw 2 of its levels.

You collected 53 gold pieces.

Inventory:

Hand Weapons
 a - a +0 falchion (weapon)
Armour
 b - a +0 leather armour (worn)
Scrolls
 f - a scroll of fear {unknown}
 h - 2 scrolls of enchant armour {unknown}
 i - a scroll of magic mapping {unknown}
 j - a scroll of identify {unknown}
Potions
 c - a potion of ambrosia {unknown}
 e - a potion of degeneration {unknown}
Comestibles
 d - 5 rations
 g - 2 chunks of flesh


   Skills:
 + Level 4.5 Fighting
 + Level 0.8 Short Blades
 + Level 4.5 Long Blades
 + Level 0.8 Axes
 + Level 0.8 Maces & Flails
 + Level 0.8 Polearms
 + Level 0.8 Staves
 + Level 0.8 Slings
 + Level 0.8 Bows
 + Level 0.8 Crossbows
 + Level 0.8 Throwing
 + Level 2.6 Armour
 + Level 4.5 Dodging
 + Level 0.8 Stealth
 + Level 0.8 Shields
 + Level 0.8 Unarmed Combat
 + Level 5.0 Spellcasting
 + Level 0.5 Conjurations
 + Level 0.5 Hexes
 + Level 5.4 Charms
 + Level 0.5 Summonings
 + Level 0.5 Necromancy
 + Level 0.5 Translocations
 + Level 0.5 Transmutations
 + Level 0.5 Fire Magic
 + Level 0.5 Ice Magic
 + Level 0.5 Air Magic
 + Level 0.5 Earth Magic
 + Level 0.5 Poison Magic
 + Level 1.0 Invocations
 + Level 0.8 Evocations


You had 4 spell levels left.
You knew the following spells:

 Your Spells              Type           Power        Failure   Level  Hunger
a - Infusion              Chrm           ###.         1%          1    None
b - Song of Slaying       Chrm           ###.....     3%          2    #......
c - Shroud of Golubria    Chrm/Tloc      ##....       9%          2    #......
d - Spectral Weapon       Hex/Chrm       ##......     17%         3    ###....

Your spell library contained the following spells:

 Spells                   Type           Power        Failure   Level  Hunger
 Ozocubu's Armour         Chrm/Ice       ##......     17%         3    ###....


Dungeon Overview and Level Annotations

Branches:
Dungeon (2/15)

Altars:
Cheibriados
Okawaru
Qazlal

Annotations:
D:2 Sigmund


Innate Abilities, Weirdness & Mutations

Your experience applies equally to all skills.
You have very sharp teeth.
Your uncanny sense of smell can sniff out nearby items.


Message History

You are too injured to fight recklessly!
Unknown command.
Char dumped successfully.
You hit Sigmund!
Sigmund is severely wounded.
Your spectral weapon closely misses Sigmund.
Sigmund hits you with a +0 scythe!
* * * LOW HITPOINT WARNING * * *
You closely miss Sigmund.
Sigmund is severely wounded.
Your spectral weapon barely misses Sigmund.
Sigmund mumbles some strange words.
Sigmund flickers and vanishes!
Deactivating autopickup; reactivate with Ctrl-A.
You barely miss something. Something hits you.
* * * LOW HITPOINT WARNING * * *
You hit something. You barely miss something.
Something hits you but does no damage.
You hit something. Your bite misses something. Something hits you.
You die...

#.....######................
#...........................
#............# ##.........#
######..........##
##....#.###
#...........÷....#
#....#.###
#>.......#####...#
......#.##. #........# #...#
....#...... #.....#### #...#
....#....). #.....######
#@(.# ....#......
###.....#....#
#.{≈...≈.^^......÷
.......(#....#
#..##§§§##.^......
.....###.....#
#.##≈...###.##'###
...........###
#.###..≈###....#
...........#
##^^≈^§..^....#.#
.###.......#
#.....§§........#
#.......####...^^...^.^^#..#
#.....<......≈#^^^(..≈≈...>#


You could see a friendly spectral +0 falchion.

Vanquished Creatures
  An adder (D:2)
  An ooze (D:1)
  A worm (D:2)
  3 dart slugs
  2 leopard geckos
  3 goblins
  2 hobgoblins
  2 bats
  A frilled lizard (D:1)
  2 kobolds
  A rat (D:1)
19 creatures vanquished.

Notes
Turn   | Place    | Note
-------+----------+-------------------------------------------
     0 | D:1      | gruber the Gnoll Skald began the quest for the Orb.
     0 | D:1      | Reached XP level 1. HP: 20/20 MP: 6/6
   393 | D:1      | Reached XP level 2. HP: 26/26 MP: 2/7
   881 | D:2      | Found a snail-covered altar of Cheibriados.
   991 | D:2      | Found an iron altar of Okawaru.
  1018 | D:2      | Reached XP level 3. HP: 22/31 MP: 9/9
  1035 | D:2      | Reached skill level 5 in Spellcasting
  1039 | D:2      | Learned a level 2 spell: Song of Slaying
  1042 | D:2      | Learned a level 2 spell: Shroud of Golubria
  1046 | D:2      | Learned a level 3 spell: Spectral Weapon
  1275 | D:2      | Found a stormy altar of Qazlal.
  1330 | D:2      | Reached skill level 1 in Invocations
  1363 | D:2      | Noticed Sigmund
  1373 | D:2      | HP: 1/31 [something (1)]
  1376 | D:2      | Slain by Sigmund

Illustrated notes

Levels and vault maps discovered:
D:1:      eino_arrival_druids_welcome, layout_basic
D:2:      minmay_chambers_of_ones, layout_basic, marbit_many_paths,
          cheibriados_altar_1, grunt_qazlal_sundering, okawaru_trees_1,
          first_ration, uniq_sigmund

Skill      XL: |  1  2  3 |
---------------+----------+-----
Spellcasting   | 5 |  5.0
Invocations    | 1 |  1.0
Fighting       | |  4.5
Short Blades   | |  0.8
Long Blades    | |  4.5
Axes           | |  0.8
Maces & Flails | |  0.8
Polearms       | |  0.8
Staves         | |  0.8
Slings         | |  0.8
Bows           | |  0.8
Crossbows      | |  0.8
Throwing       | |  0.8
Armour         | |  2.6
Dodging        | |  4.5
Stealth        | |  0.8
Shields        | |  0.8
Unarmed Combat | |  0.8
Conjurations   | |  0.5
Hexes          | |  0.5
Charms         | |  5.4
Summonings     | |  0.5
Necromancy     | |  0.5
Translocations | |  0.5
Transmutations | |  0.5
Fire Magic     | |  0.5
Ice Magic      | |  0.5
Air Magic      | |  0.5
Earth Magic    | |  0.5
Poison Magic   | |  0.5
Evocations     | |  0.8

Action                   || total
-------------------------++-------
Melee: Falchion          ||    67
       Bite              ||    10
 Cast: Infusion          ||     7
       Spectral Weapon   ||     1
 Stab: Sleeping          ||     1
  Eat: Chunk             ||     1
Armor: Leather armour    ||    12
Dodge: Dodged            ||    46
       Rpst.: Falchion   ||    10

Table legend:
 A = Non-vault XP
 B = Vault XP
 C = Vault XP percentage of total XP
 D = Non-vault monster count
 E = Vault monster count
 F = Vault count percentage of total count
                 A         B        C        D         E       F
            +---------+---------+-------+---------+---------+-------
      Total |      59 |       0 |   0.0 |      19 |       0 |   0.0
            +---------+---------+-------+---------+---------+-------
        D:1 |      28 |       0 |   0.0 |      11 |       0 |   0.0
        D:2 |      31 |       0 |   0.0 |       8 |       0 |   0.0
            +---------+---------+-------+---------+---------+-------
